 Dungeon Crawl Stone Soup version 0.31-a0-221-gbddc013574 (webtiles) character file.

Game seed: 9872075221485498133

107 qw the Shooter (level 4, -5/26 HPs)
             Began as a Gargoyle Hexslinger on July 3, 2023.
             Killed by divine providence
             ... invoked by an orc priest
              (14 damage)
             ... on level 3 of the Dungeon.
             The game lasted 00:00:56 (2328 turns).

qw the Shooter (Gargoyle Hexslinger)                Turns: 2328, Time: 00:00:57

Health: -5/26      AC: 13    Str: 11    XL:     4   Next: 86%
Magic:  5/5        EV: 12    Int: 17    God:
Gold:   82         SH:  0    Dex: 20    Spells: 4/5 levels left

rFire   . . .        Y - +1 sling
rCold   . . .        (no shield)
rNeg    + . .        j - +5 leather armour of Rip Mathaxid {Int+3}
rPois   inf          n - +1 helmet
rElec   +            (no cloak)
rCorr   .            (no gloves)
SInv    .            (no boots)
Will    .....        d - amulet of the acrobat
Stlth   +            f - +6 ring of dexterity
HPRegen 0.24/turn    (no ring)
MPRegen 0.09/turn

%: acrobat
@: no status effects
A: sickness immunity, AC +3, negative energy resistance 1, electricity
resistance, torment resistance 1, petrification resistance
a: no special abilities


You were on level 3 of the Dungeon.
You visited 1 branch of the dungeon, and saw 3 of its levels.

You collected 82 gold pieces.


Innate Abilities, Weirdness & Mutations

You are immune to sickness and miasma.
Your stone body is resilient. (AC +3)
You are immune to poison.
You resist negative energy. (rN+)
You are resistant to electric shocks. (rElec)
You are resistant to unholy torment.
You are immune to petrification.


   Skills:
 - Level 2.0 Fighting
 + Level 4.4 Ranged Weapons
 - Level 1.0 Armour
 - Level 1.5 Dodging
 - Level 1.0 Spellcasting
 - Level 2.6 Hexes


You had 4 spell levels left.
You knew the following spells:

 Your Spells              Type           Power      Damage    Failure   Level
a - Slow                  Hex            36%        N/A       10%         1

Your spell library contained the following spells:

 Spells                   Type           Power      Damage    Failure   Level
 Inner Flame              Hex/Fire       5%         N/A       43%         3
 Portal Projectile        Hex/Tloc       10%        N/A       43%         3
 Cause Fear               Hex            4%         N/A       67%         4

Inventory:

Hand Weapons
 Y - a +1 sling (weapon)
Armour
 j - the +5 leather armour of Rip Mathaxid (worn) {Int+3}
   (You found it on level 2 of the Dungeon)

   Int:       It affects your intelligence (+3).
 n - a +1 helmet (worn)
Jewellery
 d - an amulet of the acrobat (around neck)
 f - a +6 ring of dexterity (left hand)
Scrolls
 b - a scroll of identify
 i - a scroll of teleportation
Potions
 a - a potion of resistance {unknown}
 c - a potion of attraction {unknown}
 e - a potion of invisibility {unknown}
 g - 2 potions of curing
 h - a potion of ambrosia {unknown}
 l - a potion of cancellation {unknown}

Dungeon Overview and Level Annotations

Branches:
Dungeon (3/15)

Altars:
Ashenzari
Cheibriados


Message History

An orc priest comes into view. It is wielding a +0 war axe.
The orc priest shouts!
Enter note:
Enter note:
Enter note:
Enter note: You shoot a sling bullet.
The sling bullet hits the orc priest.
The orc priest is lightly wounded.
You shoot a sling bullet. The sling bullet hits the orc priest.
The orc priest is lightly wounded.
A ball python comes into view.
The orc priest looks braver for a moment.
You shoot a sling bullet.
The sling bullet completely misses the orc priest.
The orc priest hits you with a +0 war axe.
You shoot a sling bullet. The sling bullet hits the orc priest.
The orc priest is moderately wounded.
The orc priest hits you with a +0 war axe. x2
You shoot a sling bullet.
The sling bullet barely misses the orc priest.
The sling bullet barely misses the ball python.
The orc priest begins to cast a cantrip, but forgets the words!
You shoot a sling bullet. The sling bullet hits the orc priest.
The orc priest is severely wounded.
The orc priest hits you with a +0 war axe!
You shoot a sling bullet.
The sling bullet completely misses the orc priest.
The sling bullet hits the ball python.
You kill the ball python!
The orc priest closely misses you.
You shoot a sling bullet. The sling bullet hits the orc priest.
The orc priest is almost dead.
The orc priest barely misses you.
The orc priest hits you but does no damage.
You shoot a sling bullet.
The sling bullet closely misses the orc priest.
The orc priest invokes the aid of Beogh against you.
Beogh smites you!
Ouch! That really hurt!
You die...

##.##....##.##.####...###.###.
#...###..'..#..#..###.....# #.
#+#...####.##.##....##.#### #.
###...#..#..#..#..#..# #.
###...##.##....##:## ##
###.#...#'#..#..# #
#####...####.## # #.###...#..#
## #.o@###...## #.
#..#...###.# #. #. ###...#'#
#. #. ###...###### ### #
##.##....# #.. #..##....###..
#.###......... ..#...........
#.##.###.......


You could see an orc priest.

Vanquished Creatures
  Robin (D:2)
  3 adders (D:2)
  2 dart slugs (D:1)
  4 orcs (D:3)
  2 endoplasms (D:2)
  2 giant cockroaches (D:1)
  15 goblins
  5 hobgoblins
  4 quokkas
  6 ball pythons
  11 bats
  3 frilled lizards
  3 kobolds
  A rat (D:2)
62 creatures vanquished.

Notes
Turn   | Place    | Note
-------+----------+-------------------------------------------
     0 | D:1      | qw the Gargoyle Hexslinger began the quest for the Orb.
     0 | D:1      | Reached XP level 1. HP: 12/12 MP: 2/2
     0 | D:1      | 0 ||| qw: Version: 0.3-a-40-ge99b1a8
     0 | D:1      | 0 ||| qw: Game counter: 528
     0 | D:1      | 0 ||| qw: Melee chars always use a shield: true
     0 | D:1      | 0 ||| qw: God list: Okawaru
     0 | D:1      | 0 ||| qw: Allow faded altars: false
     0 | D:1      | 0 ||| qw: Do Orc after clearing Dungeon:15 true
     0 | D:1      | 0 ||| qw: Do second Lair branch before Depths: true
     0 | D:1      | 0 ||| qw: Lair rune preference: random
     0 | D:1      | 0 ||| qw: Goals: Normal
     0 | D:1      | 0 ||| PLANNING D:1-11
   376 | D:1      | Reached XP level 2. HP: 14/16 MP: 3/3
   396 | D:1      | 396 ||| FLEEEEING.
   397 | D:1      | 397 ||| FLEEEEING.
   411 | D:1      | 411 ||| FLEEEEING.
   422 | D:1      | Reached skill level 3 in Ranged Weapons
   762 | D:1      | Reached XP level 3. HP: 21/21 MP: 4/4
  1054 | D:1      | 1054 ||| UPGRADING to +0 ring mail.
  1064 | D:1      | 1064 ||| DROPPING +0 robe.
  1065 | D:1      | 1065 ||| UPGRADING to amulet of the acrobat.
  1070 | D:1      | 1070 ||| UPGRADING to +6 ring of dexterity.
  1071 | D:1      | 1071 ||| READING scroll labelled NOBUGU TAIMEYRGH.
  1072 | D:1      | 1072 ||| READING scroll labelled POAFAC AGOXT.
  1077 | D:1      | 1077 ||| DRINKING 2 fizzy green potions.
  1078 | D:1      | 1078 ||| DROPPING scroll of poison.
  1370 | D:2      | Identified the +5 leather armour of Rip Mathaxid {Int+3}
  1432 | D:2      | Reached XP level 4. HP: 24/26 MP: 5/5
  1491 | D:2      | Reached skill level 4 in Ranged Weapons
  1554 | D:2      | Noticed Robin
  1561 | D:2      | Reached skill level 1 in Armour
  1588 | D:2      | Killed Robin
  1726 | D:2      | 1726 ||| UPGRADING to +5 leather armour of Rip Mathaxid
                  | {Int+3}.
  1736 | D:2      | 1736 ||| DROPPING +0 ring mail.
  1737 | D:2      | 1737 ||| UPGRADING to +1 helmet.
  1742 | D:2      | 1742 ||| DROPPING +6 ring of intelligence.
  1743 | D:2      | 1743 ||| READING scroll labelled CONAIR WOFEDGH.
  1744 | D:2      | 1744 ||| READING scroll labelled JYFYIGGEHA.
  1745 | D:2      | 1745 ||| DRINKING 2 glowing orange potions.
  1792 | D:2      | 1792 ||| DROPPING potion of lignification.
  2195 | D:3      | Found a broken altar of Ashenzari.
  2195 | D:3      | Found a snail-covered altar of Cheibriados.
  2328 | D:3      | Killed from afar by an orc priest

Levels and vault maps discovered:
D:1:      minmay_arrival_wavy_path, layout_basic, patterned_corridor
D:2:      layout_loops_cross, uniq_robin
D:3:      minmay_skewed_foursquare, layout_basic,
          mainiacjoe_overflow_six_doors_small, mainiacjoe_overflow_divided_tiny,
          hellmonk_ecumenical_altar_lost_god

Skill      XL: |  1  2  3  4 |
---------------+-------------+-----
Ranged Weapons | 3 4 |  4.4
Fighting       | 2 |  2.0
Armour         | 1 |  1.0
Dodging        | |  1.5
Spellcasting   | |  1.0
Hexes          | |  2.6

Action                     |  1- 3 |  4- 6 || total
---------------------------+-------+-------++-------
   Fire: Sling             |   133 |    85 ||   218
    Use: Scroll            |     2 |     2 ||     4
         Potion            |     1 |     1 ||     2
 Armour: Robe              |    10 |       ||    10
         Ring mail         |    10 |    16 ||    26
         Leather armour    |       |     3 ||     3
  Dodge: Dodged            |    37 |    27 ||    64

Table legend:
 A = Non-vault XP
 B = Vault XP
 C = Vault XP percentage of total XP
 D = Non-vault monster count
 E = Vault monster count
 F = Vault count percentage of total count
                 A         B        C        D         E       F
            +---------+---------+-------+---------+---------+-------
      Total |     118 |      36 |  23.4 |      48 |      14 |  22.6
            +---------+---------+-------+---------+---------+-------
        D:1 |      37 |       0 |   0.0 |      21 |       0 |   0.0
        D:2 |      67 |      33 |  33.0 |      21 |      12 |  36.4
        D:3 |      14 |       3 |  17.6 |       6 |       2 |  25.0
            +---------+---------+-------+---------+---------+-------
